 Dungeon Crawl Stone Soup version 0.30-a0-626-gd6a5dd7a1f (webtiles) character file.

Game seed: 8073334271681136930

84 NinjaNoafa the Grasshopper (level 4, -2/38 HPs)
             Began as a Gnoll Warper on Jan 11, 2023.
             Slain by an ice beast (6 damage)
             ... on level 3 of the Dungeon.
             The game lasted 00:04:14 (2033 turns).

NinjaNoafa the Grasshopper (Gnoll Warper)           Turns: 2033, Time: 00:04:14

Health: -2/38      AC:  4    Str: 10    XL:     4   Next: 45%
Magic:  11/11      EV: 12    Int: 15    God:
Gold:   68         SH:  0    Dex: 11    Spells: 5/13 levels left

rFire   . . .      SeeInvis .    a - +0 falchion
rCold   . . .      Faith    +    (no shield)
rNeg    . . .      Spirit   .    b - +0 leather armour
rPois   .          Reflect  .    h - +0 helmet
rElec   .          Harm     .    (no cloak)
rCorr   .          Rampage  .    (no gloves)
Will    .....                    (no boots)
Stlth   +                        e - amulet of faith
HPRegen 0.26/turn                (no ring)
MPRegen 0.12/turn                (no ring)

@: brilliant, attractive
A: fangs 1, strong nose, distributed training
a: no special abilities


You were on level 3 of the Dungeon.
You visited 1 branch of the dungeon, and saw 5 of its levels.

You collected 101 gold pieces.
You spent 33 gold pieces at shops.

Inventory:

Hand Weapons
 a - a +0 falchion (weapon)
Missiles
 d - 4 boomerangs of dispersal
 g - 10 poisoned darts (quivered)
Armour
 b - a +0 leather armour (worn)
 h - a +0 helmet (worn)
Magical Staves
 s - a staff of air
Jewellery
 e - an amulet of faith (around neck)
Wands
 l - a wand of polymorph (4)
Scrolls
 c - a scroll of blinking
 j - a scroll of identify {unknown}
 k - a scroll of fear {unknown}
 n - a scroll of immolation {unknown}
 p - 2 scrolls of poison
 q - a scroll of enchant armour {unknown}
Potions
 f - a potion of attraction
 m - a potion of brilliance
 o - a potion of curing {unknown}


   Skills:
 + Level 4.6 Fighting
 + Level 1.2 Short Blades
 + Level 4.6 Long Blades
 + Level 1.2 Axes
 + Level 1.2 Maces & Flails
 + Level 1.2 Polearms
 + Level 1.2 Staves
 + Level 1.2 Ranged Weapons
 + Level 2.8 Throwing
 + Level 2.8 Armour
 + Level 4.6 Dodging
 + Level 1.2 Stealth
 + Level 1.2 Shields
 + Level 1.2 Unarmed Combat
 + Level 5.1 Spellcasting
 + Level 1.0 Conjurations
 + Level 1.0 Hexes
 + Level 1.0 Summonings
 + Level 1.0 Necromancy
 + Level 5.5 Translocations
 + Level 1.0 Transmutations
 + Level 1.0 Fire Magic
 + Level 1.0 Ice Magic
 + Level 1.0 Air Magic
 + Level 1.0 Earth Magic
 + Level 1.0 Poison Magic
 + Level 1.3 Invocations
 + Level 1.2 Evocations


You had 5 spell levels left.
You knew the following spells:

 Your Spells              Type           Power      Damage    Failure   Level
a - Blink                 Tloc           60%        N/A       3%          2
b - Lesser Beckoning      Tloc           60%        N/A       7%          3
c - Teleport Other        Tloc           30%        N/A       7%          3

Your spell library contained the following spells:

 Spells                   Type           Power      Damage    Failure   Level
 Vhi's Electric Charge    Tloc/Air       40%        N/A       17%         3
 Kindle Blastsparks       Fire/Tloc/Air  34%        2d12      22%         3
 Manifold Assault         Tloc           30%        N/A       22%         4
 Ignite Poison            Fire/Tmut/Pois 10%        N/A       38%         3
 Freezing Cloud           Conj/Ice/Air   5%         6-21      98%         5


Dungeon Overview and Level Annotations

Branches:
Dungeon (5/15)
 Temple: D:4-7

Altars:

Shops:
D:4 *

Annotations:
D:4 Dowan, Duvessa
D:5 Pikel


Innate Abilities, Weirdness & Mutations

You have very sharp teeth.
Your uncanny sense of smell can sniff out nearby items.
Your experience applies equally to all skills.


Message History

You see here 14 gold pieces.
You now have 68 gold pieces (gained 14).
The orc closely misses you. The orc hits you but does no damage.
The orc hits you with a +0 dagger. The orc hits you with a +0 hand axe.
The orc hits you with a +0 whip.
An endoplasm comes into view.
The air fills with toxic fumes!
As you read the scroll labelled GOPASIRAUL, it crumbles to dust.
It was a scroll of poison.
The orc hits you with a +0 hand axe.
You hit the orc but do no damage. The orc closely misses you.
You closely miss the orc. The orc hits you with a +0 hand axe.
You slash the orc!
You kill the orc!
An orc comes into view. It is wielding a +2 antimagic hand axe.
The ice beast hits you. The ice beast freezes you!
You closely miss the ice beast.
The ice beast is lightly wounded.
The orc hits you but does no damage. The ice beast hits you.
The ice beast freezes you!
* * * LOW HITPOINT WARNING * * *
Blink to where?
Press: ? - help, Dir - move target, p - ice beast
Found 12 gold pieces and a silver ring.
As you read the scroll of blinking, it crumbles to dust.
As you read the scroll labelled EMULOF UPLET, it crumbles to dust.
You hear a loud clanging noise!
It was a scroll of noise.
You hear a shout!
You hear an angry hiss.
You hear a shout!
You hear an angry hiss.
You hear a shout!
You hear an angry hiss.
It was a potion of attraction.
You feel attractive to monsters. The orc is attracted toward you.
The kobold is attracted toward you.
It was a potion of brilliance.
You feel clever all of a sudden.
The orc is engulfed in poison gas.
The orc is poisoned.
The kobold is engulfed in poison gas.
The kobold is poisoned.
The ice beast hits you.
* * * LOW HITPOINT WARNING * * *
The ice beast freezes you.
You die...

###..##...###..#.##
....###......###.#
###............#..#
∆ ..o.....####....#
# #.............#
#oJ.K.####....#
#...........#.#
###o#########>#.#
#§§§§§KY@°○##.#..
#.#§○##☼o☼§○...#...
#.
##.#...☼§§...#####
.. ##§^$..P☼....#
## #.○....♣♣.....
#.#☼°=... P..#. .
.§☼.... .##
##§##### ..


You could see an ice beast, 2 orcs and a kobold (poisoned).

Vanquished Creatures
  2 adders
  An ufetubus (D:4)
  3 dart slugs
  An orc (D:3)
  2 ball pythons (D:1)
  5 bats
  8 endoplasms
  A giant cockroach (D:4)
  4 goblins
  4 hobgoblins
  2 jackals (D:1)
  3 quokkas
  4 frilled lizards
  7 kobolds
  A rat (D:1)
48 creatures vanquished.

Notes
Turn   | Place    | Note
-------+----------+-------------------------------------------
     0 | D:1      | NinjaNoafa the Gnoll Warper began the quest for the Orb.
     0 | D:1      | Reached XP level 1. HP: 20/20 MP: 6/6
   122 | D:1      | Reached XP level 2. HP: 26/26 MP: 7/7
   619 | D:1      | Reached skill level 5 in Spellcasting
   619 | D:1      | Reached XP level 3. HP: 27/31 MP: 7/9
   719 | D:1      | Learned a level 2 spell: Blink
   723 | D:1      | Learned a level 3 spell: Lesser Beckoning
   727 | D:1      | Learned a level 3 spell: Teleport Other
   758 | D:1      | Reached skill level 1 in Invocations
  1203 | D:2      | Reached skill level 1 in Short Blades
  1203 | D:2      | Reached skill level 1 in Axes
  1203 | D:2      | Reached skill level 1 in Maces & Flails
  1203 | D:2      | Reached skill level 1 in Polearms
  1203 | D:2      | Reached skill level 1 in Staves
  1203 | D:2      | Reached skill level 1 in Ranged Weapons
  1203 | D:2      | Reached skill level 1 in Stealth
  1203 | D:2      | Reached skill level 1 in Shields
  1203 | D:2      | Reached skill level 1 in Unarmed Combat
  1203 | D:2      | Reached skill level 1 in Evocations
  1362 | D:2      | You fall into a shaft and drop 2 floors!
  1362 | D:4      | Found Kaur's Specific Store.
  1362 | D:4      | Found Xyxker's General Store.
  1425 | D:4      | Bought a scroll of teleportation for 33 gold pieces
  1433 | D:4      | Noticed Dowan
  1437 | D:4      | Noticed Duvessa
  1442 | D:4      | Reached XP level 4. HP: 33/38 MP: 7/11
  1444 | D:5      | Entered Level 5 of the Dungeon
  1492 | D:5      | Noticed a lemure
  1492 | D:5      | Noticed a lemure
  1493 | D:5      | Noticed Pikel
  1496 | D:5      | Noticed a lemure
  1496 | D:5      | Noticed a lemure
  1814 | D:4      | Reached skill level 1 in Conjurations
  1814 | D:4      | Reached skill level 1 in Hexes
  1814 | D:4      | Reached skill level 1 in Summonings
  1814 | D:4      | Reached skill level 1 in Necromancy
  1814 | D:4      | Reached skill level 1 in Transmutations
  1814 | D:4      | Reached skill level 1 in Fire Magic
  1814 | D:4      | Reached skill level 1 in Ice Magic
  1814 | D:4      | Reached skill level 1 in Air Magic
  1814 | D:4      | Reached skill level 1 in Earth Magic
  1814 | D:4      | Reached skill level 1 in Poison Magic
  1899 | D:4      | Noticed an ice beast
  2033 | D:3      | Slain by an ice beast

Illustrated notes

Levels and vault maps discovered:
D:1:      lemuel_arrival_tunnels, layout_basic, hangedman_decor_diamond_cutter
D:2:      wander_river, layout_loops_ring, eino_tiny_chamber,
          serial_park_tiny_pond, st_stairs_10, nicolae_shop_unique_rings
D:3:      layout_loops_ring, hellmonk_ecumenical_altar_inner_sanctum,
          cheibrodos_sewer_entry_sluice, serial_park_tiny_2,
          dreamdust_princess_bridge, grunt_decor_one_mirror, uniq_terence
D:4:      layout_loops_cross, gammafunk_ghost_necromancy, minivault_23,
          nicolae_specific_store, uniq_grinder, uniq_duvessa
D:5:      layout_rooms, serial_curves, eino_curves_03, eino_curves_01,
          nicolae_ossuary_entry_catacombs, uniq_pikel

Skill      XL: |  1  2  3  4 |
---------------+-------------+-----
Spellcasting   | 5 |  5.1
Invocations    | 1 |  1.3
Short Blades   | 1 |  1.2
Axes           | 1 |  1.2
Maces & Flails | 1 |  1.2
Polearms       | 1 |  1.2
Staves         | 1 |  1.2
Ranged Weapons | 1 |  1.2
Stealth        | 1 |  1.2
Shields        | 1 |  1.2
Unarmed Combat | 1 |  1.2
Evocations     | 1 |  1.2
Conjurations   | 1 |  1.0
Hexes          | 1 |  1.0
Summonings     | 1 |  1.0
Necromancy     | 1 |  1.0
Transmutations | 1 |  1.0
Fire Magic     | 1 |  1.0
Ice Magic      | 1 |  1.0
Air Magic      | 1 |  1.0
Earth Magic    | 1 |  1.0
Poison Magic   | 1 |  1.0
Fighting       | |  4.6
Long Blades    | |  4.6
Throwing       | |  2.8
Armour         | |  2.8
Dodging        | |  4.6
Translocations | |  5.5

Action                   |  1- 3 |  4- 6 || total
-------------------------+-------+-------++-------
Melee: Falchion          |   128 |    47 ||   175
       Bite              |     9 |     2 ||    11
       Punch             |     4 |       ||     4
Throw: Boomerang         |     3 |       ||     3
       Dart              |     2 |     1 ||     3
 Cast: Blink             |     5 |       ||     5
       Lesser Beckoning  |     3 |     2 ||     5
       Teleport Other    |     2 |     3 ||     5
  Use: Scroll            |     1 |     3 ||     4
       Potion            |       |     2 ||     2
 Stab: Sleeping          |     1 |       ||     1
Armor: Leather armour    |    33 |    22 ||    55
Dodge: Dodged            |    97 |    46 ||   143

Table legend: (Time is in decaauts)
 A = Elapsed time spent in this place.
 B = Non-inter-level travel time spent in this place.
 C = Inter-level travel time spent in this place.
 D = Time resting spent in this place.
 E = Time spent auto-exploring this place.
 F = Levels seen in this place.
 G = Mean time per level.
                   A        B        C        D        E       F      G
               +--------+--------+--------+--------+--------+-----+--------+
         Total |   2056 |   1955 |    101 |     16 |   1381 |   5 |  411.2 |
       Dungeon |   2056 |   1955 |    101 |     16 |   1381 |   5 |  411.2 |
               +--------+--------+--------+--------+--------+-----+--------+

Top non-repeatable levels by time:
     D:1: 820 daAuts
     D:2: 562 daAuts
     D:4: 538 daAuts
     D:3: 68 daAuts
     D:5: 65 daAuts
